Rocket vs Penguins

Created - 26 décembre 2024 at 08:53

Goals
1 2 3 OT1 SO T
Rocket 1 2 0 0 1 4
Penguins 0 1 2 0 0 3
Shots
1 2 3 OT1 SO T
Rocket 3 12 6 3 3 24
Penguins 10 13 13 1 3 37

GoalsPenalties
1st period
1. Rocket , Pontus Holmberg 20 (Thomas Bordeleau 10, Matthew Robertson 1) at 18:42
Cameron Hughes (MTL) for Roughing (Minor) at 16:04
Andrew Ladd (MTL) for Interference (Minor) at 18:49
2nd period
2. Rocket , Nic Petan 8 (Cutter Gauthier 9, Kyle Capobianco 18) at 6:18
3. Penguins , Bokondji Imama 6 (Keaton Thompson 5) at 13:57
4. Rocket , Cameron Hughes 12 (Kyle Capobianco 19, Thomas Bordeleau 11) at 14:44 (PP)
Cameron Hughes (MTL) for Slashing (Minor) at 7:21
Mark Jankowski (PIT) for Elbowing (Minor) at 14:10
3rd period
5. Penguins , Danny O'Regan 15 (Ben Tardif 8, Philip Kemp 7) at 14:36
6. Penguins , Mark Jankowski 17 (Jakub Zboril 15, Scott Sabourin 12) at 19:50
Overtime #1
No Goal
Shootout
Rocket, Nolan Foote - Goal!
Penguins, Mark Jankowski - Stopped by Justus Annunen
Rocket, Nic Petan - Shot Misses the Net
Penguins, Valtteri Puustinen - Stopped by Justus Annunen
Rocket, Pontus Holmberg - Shot Misses the Net
Penguins, Scott Sabourin - Stopped by Justus Annunen
Goalie Stats
Justus Annunen (MTL), 34 saves from 37 shots - (0,919), W, 11-9-0, 65:00 minutes
Zach Fucale (PIT), 21 saves from 24 shots - (0,875), OTL, 23-14-7, 64:10 minutes
3 StarsOfficial
1 - Thomas Bordeleau (MTL)
2 - Bokondji Imama (PIT)
3 - Danny O'Regan (PIT)
Referees : Trey Pecina and Carter Sandlak
Linesman : Travis Toomey and Julia Kainberger
Game Note
No Game Note



Team Name Goals Shots Shots Attemp Shots Blocked PIM HIT PP PK FO%
Rocket 42445206221 / 1 (100%)051%
Penguins 3377982270 / 3 (0%)149%

Rocket
Player Name POS G A P +/- PIM HIT SHT SB MP PP MP PP SHT PK MP PK SHT FO% FOT GA TA
Andrew LaddLW0000230118:500:0000:00033% 600
Anttoni HonkaD000-1000011:520:0000:0000% 000
Cameron HughesC/LW1010412223:480:3420:38059% 1701
Christian KyrouD0001000010:480:0001:3600% 000
Cutter GauthierC/LW011-1014223:390:0001:581100% 100
Kyle CapobiancoD022-1023533:430:3414:4300% 001
Matthew RobertsonD0110020221:120:0001:0600% 001
Nic PetanC/LW/RW101-1035021:570:0000:00075% 400
Nolan FooteLW000-1012014:320:0000:00043% 701
Pontus HolmbergC/LW1010002426:130:3403:50150% 410
Ronald KnotD000000000:000:0000:0000% 000
Samu TuomaalaRW000003007:200:0000:0000% 000
Scott PerunovichD0001011217:030:0000:0000% 000
Sean MaloneC000000005:350:0000:3100% 101
Sheldon RempalLW/RW0000010014:410:0001:04029% 710
Thomas BordeleauC/LW0220041226:180:3403:53063% 801
Tyson FoersterRW000000000:560:0000:0000% 000
Victor SoderstromD000-2004030:330:3404:2910% 002
Penguins
Player Name POS G A P +/- PIM HIT SHT SB MP PP MP PP SHT PK MP PK SHT FO% FOT GA TA
Alex SwetlikoffC/LW/RW000-1002010:360:1500:00050% 400
Anthony RomanoC/LW/RW000-1002010:370:1500:0000% 000
Ben BerardC/LW/RW000-1032015:432:1600:0000% 010
Ben TardifC/LW/RW0112021015:380:1500:000100% 101
Bokondji ImamaLW1012012015:230:0000:0000% 000
Brendan FurryC/LW/RW000-1043116:132:1610:34017% 600
Chad NychukD0001011214:370:0000:0000% 000
Chase WheatcroftLW000-1001312:230:0000:0000% 200
Daniel D'AmatoC/LW/RW000-101008:140:0000:0000% 010
Danny O'ReganC/LW1012003017:542:1600:00056% 900
Jakub ZborilD0110022028:324:0810:3400% 000
Jamie DrysdaleD0000035125:424:0810:0000% 000
Keaton ThompsonD0111010017:070:0000:0000% 000
Mark JankowskiC/LW1011202022:323:2600:00060% 3031
Markus NiemelainenD0000024019:481:4900:3400% 010
Philip KempD0110002119:141:4900:0000% 000
Scott SabourinRW0111041021:493:2610:0000% 200
Valtteri PuustinenLW/RW0001034022:233:2600:3400% 120

Rocket

5 vs 5 Forward
Line #Left WingCenterRight WingPHYDFOFWanted %Time %Time Play
1Pontus HolmbergCameron HughesThomas Bordeleau0234024%12:35
2Nic PetanNolan FooteCameron Hughes1133030%15:30
3Cutter GauthierAndrew LaddNic Petan0322027%13:58
4Pontus HolmbergSheldon RempalThomas Bordeleau3201020%10:25
5 vs 5 Defense
Line #DefenseDefensePHYDFOFWanted %Time %Time Play
1Kyle CapobiancoVictor Soderstrom1224030%15:49
2Kyle CapobiancoVictor Soderstrom1223019%9:44
3Kyle CapobiancoScott Perunovich1222031%16:19
4Kyle CapobiancoAnttoni Honka1221020%10:36
Power Play Forward
Line #Left WingCenterRight WingPHYDFOFWanted %Time %Time Play
1Pontus HolmbergCameron HughesThomas Bordeleau12260100%0:34
2Pontus HolmbergNic PetanThomas Bordeleau122400%0:00
Power Play Defense
Line #DefenseDefensePHYDFOFWanted %Time %Time Play
1Kyle CapobiancoVictor Soderstrom12260100%0:34
2Kyle CapobiancoVictor Soderstrom122400%0:00
Penalty Kill 4 Players Forward
Line #CenterWingPHYDFOFWanted %Time %Time Play
1Thomas BordeleauPontus Holmberg1226069%4:05
2Cameron HughesCutter Gauthier1224031%1:52
Penalty Kill 4 Players Defense
Line #DefenseDefensePHYDFOFWanted %Time %Time Play
1Kyle CapobiancoVictor Soderstrom1226099%5:53
2Victor SoderstromKyle Capobianco122401%0:04
Penalty Kill 3 Players
Line #WingPHYDFOFWanted %Time %Time PlayDefenseDefensePHYDFOFWanted %Time %Time Play
1Nic Petan122600%0:00 Victor SoderstromKyle Capobianco122600%0:00
2Nic Petan122400%0:00 Anttoni HonkaVictor Soderstrom122400%0:00
4 vs 4 Forward
Line #CenterWingPHYDFOFWanted %Time %Time Play
1Pontus HolmbergThomas Bordeleau122600%0:00
2Nolan FooteAndrew Ladd122400%0:00
4 vs 4 Defense
Line #DefensePHYDFOFWanted %Time %Time Play
1Victor SoderstromKyle Capobianco122600%0:00
2Victor SoderstromKyle Capobianco122400%0:00
Last Minutes Offensive
Left WingCenterRight WingDefenseDefense
Pontus HolmbergCameron HughesThomas BordeleauKyle CapobiancoVictor Soderstrom
Last Minutes Defensive
Left WingCenterRight WingDefenseDefense
Pontus HolmbergCameron HughesThomas BordeleauKyle CapobiancoVictor Soderstrom
Time
Total ForwardTotal DefenseLast Minutes OffensiveLast Minutes Defensive
60:00 60:00 0:001:01
Extra Forwards
Normal PowerPlayPenalty Kill
Thomas Bordeleau, Cameron Hughes, Pontus HolmbergThomas Bordeleau, Cameron HughesSheldon Rempal
Extra Defensemen
Normal PowerPlayPenalty Kill
Matthew Robertson, Victor Soderstrom, Kyle CapobiancoAnttoni Honka, Victor SoderstromKyle Capobianco
Penalty Shots
Nolan Foote, Nic Petan, Pontus Holmberg, Thomas Bordeleau, Cameron Hughes
Goalie
Justus Annunen, Michael Hutchinson
Scratches
Logan Mailloux (Broken Bone (Left Leg) Injury), Nathan Gaucher (Healthy), Jeremy Groleau (Healthy), Frederic Allard (Healthy), Shane Bowers (Healthy) Pavel Gogolev (Healthy), Greg Meireles (Healthy), Helge Grans (Healthy), Matthew Wedman (Healthy), Mikhail Abramov (Healthy) Noel Gunler (Healthy), Sam Poulin (Healthy), Antonio Stranges (Healthy), Chaz Lucius (Healthy), Jeremie Poirier (Healthy) Nate Clurman (Healthy), Callum Booth (Healthy), Michael DiPietro (Healthy), Dustin Tokarski (Healthy)

Penguins

5 vs 5 Forward
Line #Left WingCenterRight WingPHYDFOFWanted %Time %Time Play
1Valtteri PuustinenMark JankowskiScott Sabourin1224333%17:25
2Bokondji ImamaDanny O'ReganBen Tardif1223130%15:38
3Chase WheatcroftBrendan FurryBen Berard0322021%11:14
4Anthony RomanoAlex SwetlikoffDaniel D'Amato032616%8:14
5 vs 5 Defense
Line #DefenseDefensePHYDFOFWanted %Time %Time Play
1Jamie DrysdaleJakub Zboril0234036%18:43
2Markus NiemelainenPhilip Kemp0233033%17:25
3Chad NychukKeaton Thompson0322028%14:37
4Jamie DrysdaleJakub Zboril032103%1:46
Power Play Forward
Line #Left WingCenterRight WingPHYDFOFWanted %Time %Time Play
1Valtteri PuustinenMark JankowskiScott Sabourin1226058%3:26
2Ben BerardDanny O'ReganBrendan Furry1224042%2:31
Power Play Defense
Line #DefenseDefensePHYDFOFWanted %Time %Time Play
1Jamie DrysdaleJakub Zboril1226069%4:08
2Markus NiemelainenPhilip Kemp1224031%1:49
Penalty Kill 4 Players Forward
Line #CenterWingPHYDFOFWanted %Time %Time Play
1Mark JankowskiValtteri Puustinen12260100%0:34
2Danny O'ReganBen Berard122400%0:00
Penalty Kill 4 Players Defense
Line #DefenseDefensePHYDFOFWanted %Time %Time Play
1Markus NiemelainenJakub Zboril12260100%0:34
2Jamie DrysdalePhilip Kemp122400%0:00
Penalty Kill 3 Players
Line #WingPHYDFOFWanted %Time %Time PlayDefenseDefensePHYDFOFWanted %Time %Time Play
1Mark Jankowski122600%0:00 Markus NiemelainenJakub Zboril122600%0:00
2Danny O'Regan122400%0:00 Jamie DrysdalePhilip Kemp122400%0:00
4 vs 4 Forward
Line #CenterWingPHYDFOFWanted %Time %Time Play
1Mark JankowskiValtteri Puustinen122600%0:00
2Danny O'ReganBen Berard122400%0:00
4 vs 4 Defense
Line #DefensePHYDFOFWanted %Time %Time Play
1Jamie DrysdaleJakub Zboril122600%0:00
2Markus NiemelainenPhilip Kemp122400%0:00
Last Minutes Offensive
Left WingCenterRight WingDefenseDefense
Valtteri PuustinenMark JankowskiScott SabourinJamie DrysdaleJakub Zboril
Last Minutes Defensive
Left WingCenterRight WingDefenseDefense
Valtteri PuustinenMark JankowskiScott SabourinJamie DrysdaleJakub Zboril
Time
Total ForwardTotal DefenseLast Minutes OffensiveLast Minutes Defensive
60:00 60:00 0:580:00
Extra Forwards
Normal PowerPlayPenalty Kill
Brendan Furry, Ben Tardif, Ben BerardBrendan Furry, Ben TardifBrendan Furry
Extra Defensemen
Normal PowerPlayPenalty Kill
Philip Kemp, Jamie Drysdale, Keaton ThompsonPhilip Kemp, Philip KempChad Nychuk
Penalty Shots
Mark Jankowski, Valtteri Puustinen, Scott Sabourin, Danny O'Regan, Brendan Furry
Goalie
Zach Fucale, Arvid Holm
Scratches
Brett Budgell (Healthy), Alex-Olivier Voyer (Healthy), Brennan Saulnier (Healthy), Brandon Cutler (Healthy), Collin Adams (Healthy) Patrick McGrath (Healthy), Ryan MacKinnon (Healthy), Alex Breton (Healthy), Carl Dahlström (Healthy), Zane McIntyre (Healthy)


Play-by-Play

1st period


0:01 of 1st period - Mark Jankowski wins face-off versus Cameron Hughes in neutral zone.
0:30 of 1st period - Slapshot by Danny O'Regan.
0:30 of 1st period - Shot Misses the Net.
0:32 of 1st period - Wrist shot by Jamie Drysdale.
0:32 of 1st period - Shot Misses the Net.
0:36 of 1st period - Wrist shot by Bokondji Imama.
0:36 of 1st period - Stopped by Justus Annunen with a rebound.
1:18 of 1st period - Off-side.
1:19 of 1st period - Mark Jankowski wins face-off versus Andrew Ladd in neutral zone.
1:22 of 1st period - Snap shot by Scott Sabourin.
1:22 of 1st period - Shot Misses the Net.
1:52 of 1st period - Cameron Hughes is hit by Scott Sabourin and loses puck.
2:12 of 1st period - Wrist shot by Jakub Zboril.
2:12 of 1st period - Deflect By Bokondji Imama.
2:12 of 1st period - Shot Blocked by Matthew Robertson.
2:12 of 1st period - Puck is out of play.
2:13 of 1st period - Sheldon Rempal wins face-off versus Danny O'Regan in Rocket zone.
2:22 of 1st period - Slapshot by Philip Kemp.
2:22 of 1st period - Shot Misses the Net.
2:24 of 1st period - Snap shot by Markus Niemelainen.
2:24 of 1st period - Stopped by Justus Annunen with a rebound.
2:57 of 1st period - Icing by Victor Soderstrom.
2:58 of 1st period - Brendan Furry wins face-off versus Sheldon Rempal in Rocket zone.
2:59 of 1st period - Backhand shot by Jamie Drysdale.
2:59 of 1st period - Shot Misses the Net.
3:01 of 1st period - Wrist shot by Chase Wheatcroft.
3:01 of 1st period - Shot Misses the Net.
3:05 of 1st period - Slapshot by Jamie Drysdale.
3:05 of 1st period - Stopped by Justus Annunen with a rebound.
3:07 of 1st period - Slapshot by Jakub Zboril.
3:07 of 1st period - Stopped by Justus Annunen with a rebound.
3:09 of 1st period - Slapshot by Brendan Furry.
3:09 of 1st period - Shot Misses the Net.
3:11 of 1st period - Slapshot by Jamie Drysdale.
3:11 of 1st period - Stopped by Justus Annunen without a rebound.
3:12 of 1st period - Nolan Foote wins face-off versus Mark Jankowski in Rocket zone.
3:25 of 1st period - Wrist shot by Nolan Foote.
3:25 of 1st period - Shot Misses the Net.
3:39 of 1st period - Ben Berard is hit by Andrew Ladd and loses puck.
3:52 of 1st period - Ben Berard is hit by Andrew Ladd and loses puck.
4:49 of 1st period - Thomas Bordeleau is hit by Jamie Drysdale and loses puck.
4:58 of 1st period - Slapshot by Alex Swetlikoff.
4:58 of 1st period - Stopped by Justus Annunen without a rebound.
4:59 of 1st period - Cameron Hughes wins face-off versus Mark Jankowski in Rocket zone.
4:59 of 1st period - Cameron Hughes is hit by Valtteri Puustinen.
6:10 of 1st period - Thomas Bordeleau is hit by Ben Berard and loses puck.
6:36 of 1st period - Jamie Drysdale is hit by Samu Tuomaala and loses puck.
6:49 of 1st period - Slapshot by Jamie Drysdale.
6:49 of 1st period - Stopped by Justus Annunen with a rebound.
7:13 of 1st period - Snap shot by Brendan Furry.
7:13 of 1st period - Shot Blocked by Cameron Hughes.
9:01 of 1st period - Markus Niemelainen is hit by Samu Tuomaala and loses puck.
9:46 of 1st period - Thomas Bordeleau is hit by Scott Sabourin.
9:50 of 1st period - Kyle Capobianco is hit by Valtteri Puustinen and loses puck.
10:03 of 1st period - Bokondji Imama is hit by Nolan Foote and loses puck.
10:30 of 1st period - Nolan Foote is hit by Bokondji Imama and loses puck.
11:07 of 1st period - Scott Perunovich is hit by Ben Berard.
11:25 of 1st period - Tyson Foerster is hit by Chad Nychuk and loses puck.
12:41 of 1st period - Kyle Capobianco is hit by Jamie Drysdale and loses puck.
12:50 of 1st period - Ben Tardif is hit by Samu Tuomaala and loses puck.
13:34 of 1st period - Sheldon Rempal is hit by Brendan Furry and loses puck.
14:18 of 1st period - Victor Soderstrom is hit by Ben Berard and loses puck.
14:27 of 1st period - Wrist shot by Brendan Furry.
14:27 of 1st period - Stopped by Justus Annunen without a rebound.
14:28 of 1st period - Cameron Hughes wins face-off versus Scott Sabourin in Rocket zone.
14:28 of 1st period - Cameron Hughes is hit by Scott Sabourin.
14:57 of 1st period - Sheldon Rempal is hit by Ben Tardif and loses puck.
16:04 of 1st period - Minor Penalty to Cameron Hughes for Roughing.
16:05 of 1st period - Thomas Bordeleau wins face-off versus Mark Jankowski in Rocket zone.
16:21 of 1st period - Valtteri Puustinen is hit by Thomas Bordeleau and loses puck.
16:38 of 1st period - Slapshot by Jakub Zboril.
16:38 of 1st period - Deflect By Kyle Capobianco.
16:38 of 1st period - Stopped by Justus Annunen without a rebound.
16:39 of 1st period - Danny O'Regan wins face-off versus Thomas Bordeleau in Rocket zone.
16:42 of 1st period - Slapshot by Jamie Drysdale.
16:42 of 1st period - Shot Hit the Post.
16:44 of 1st period - Backhand shot by Brendan Furry.
16:44 of 1st period - Deflect By Kyle Capobianco.
16:44 of 1st period - Stopped by Justus Annunen with a rebound.
16:46 of 1st period - Snap shot by Ben Berard.
16:46 of 1st period - Shot Misses the Net.
17:33 of 1st period - Icing by Mark Jankowski.
17:34 of 1st period - Mark Jankowski wins face-off versus Sheldon Rempal in Penguins zone.
17:57 of 1st period - Snap shot by Cutter Gauthier.
17:57 of 1st period - Stopped by Zach Fucale without a rebound.
17:58 of 1st period - Cutter Gauthier wins face-off versus Mark Jankowski in Penguins zone.
18:04 of 1st period - Penalty to Cameron Hughes is over, Cameron Hughes is back on ice.
18:38 of 1st period - Snap shot by Thomas Bordeleau.
18:38 of 1st period - Shot Blocked by Chase Wheatcroft.
18:40 of 1st period - Wrist shot by Thomas Bordeleau.
18:40 of 1st period - Stopped by Zach Fucale with a rebound.
18:42 of 1st period - Snap shot by Pontus Holmberg.
18:42 of 1st period - Goal by Pontus Holmberg - Rocket : 1 - Penguins : 0.
18:43 of 1st period - Mark Jankowski wins face-off versus Andrew Ladd in neutral zone.
18:49 of 1st period - Minor Penalty to Andrew Ladd for Interference.
18:50 of 1st period - Mark Jankowski wins face-off versus Thomas Bordeleau in Rocket zone.
18:50 of 1st period - Wrist shot by Valtteri Puustinen.
18:50 of 1st period - Deflect By Scott Sabourin.
18:50 of 1st period - Shot Blocked by Pontus Holmberg.
18:50 of 1st period - Puck is out of play.
18:51 of 1st period - Thomas Bordeleau wins face-off versus Mark Jankowski in Rocket zone.
19:25 of 1st period - Slapshot by Jamie Drysdale.
19:25 of 1st period - Shot Blocked by Kyle Capobianco.
Goals for this period are 1 for Rocket vs 0 for Penguins.
Shots for this period are 3 for Rocket vs 10 for Penguins.

2nd period


0:01 of 2nd period - Pontus Holmberg wins face-off versus Mark Jankowski in neutral zone.
0:06 of 2nd period - Snap shot by Victor Soderstrom.
0:06 of 2nd period - Deflect By Valtteri Puustinen.
0:06 of 2nd period - Stopped by Zach Fucale without a rebound.
0:07 of 2nd period - Thomas Bordeleau wins face-off versus Mark Jankowski in Penguins zone.
0:08 of 2nd period - Wrist shot by Pontus Holmberg.
0:08 of 2nd period - Stopped by Zach Fucale with a rebound.
0:10 of 2nd period - Snap shot by Pontus Holmberg.
0:10 of 2nd period - Shot Misses the Net.
0:20 of 2nd period - Wrist shot by Scott Sabourin.
0:20 of 2nd period - Stopped by Justus Annunen with a rebound.
0:44 of 2nd period - Slapshot by Jamie Drysdale.
0:44 of 2nd period - Stopped by Justus Annunen without a rebound.
0:45 of 2nd period - Thomas Bordeleau wins face-off versus Danny O'Regan in Rocket zone.
0:49 of 2nd period - Penalty to Andrew Ladd is over, Andrew Ladd is back on ice.
1:10 of 2nd period - Cameron Hughes is hit by Valtteri Puustinen and loses puck.
1:29 of 2nd period - Anthony Romano is hit by Cutter Gauthier and loses puck.
2:25 of 2nd period - Off-side.
2:26 of 2nd period - Mark Jankowski wins face-off versus Sheldon Rempal in neutral zone.
2:28 of 2nd period - Philip Kemp is hit by Kyle Capobianco and loses puck.
2:55 of 2nd period - Slapshot by Danny O'Regan.
2:55 of 2nd period - Shot Blocked by Andrew Ladd.
2:57 of 2nd period - Slapshot by Chad Nychuk.
2:57 of 2nd period - Shot Misses the Net.
2:59 of 2nd period - Slapshot by Keaton Thompson.
2:59 of 2nd period - Shot Misses the Net.
3:01 of 2nd period - Wrist shot by Danny O'Regan.
3:01 of 2nd period - Stopped by Justus Annunen with a rebound.
3:11 of 2nd period - Cutter Gauthier is hit by Keaton Thompson and loses puck.
3:54 of 2nd period - Jakub Zboril is hit by Nic Petan and loses puck.
4:33 of 2nd period - Sheldon Rempal is hit by Jakub Zboril and loses puck.
4:43 of 2nd period - Icing by Anttoni Honka.
4:44 of 2nd period - Mark Jankowski wins face-off versus Sheldon Rempal in Rocket zone.
4:49 of 2nd period - Snap shot by Mark Jankowski.
4:49 of 2nd period - Deflect By Scott Sabourin.
4:49 of 2nd period - Shot Misses the Net.
4:49 of 2nd period - Puck is out of play.
4:50 of 2nd period - Nic Petan wins face-off versus Mark Jankowski in Rocket zone.
4:59 of 2nd period - Valtteri Puustinen is hit by Matthew Robertson and loses puck.
5:31 of 2nd period - Snap shot by Brendan Furry.
5:31 of 2nd period - Deflect By Chase Wheatcroft.
5:31 of 2nd period - Stopped by Justus Annunen with a rebound.
5:33 of 2nd period - Snap shot by Philip Kemp.
5:33 of 2nd period - Stopped by Justus Annunen with a rebound.
6:03 of 2nd period - Cutter Gauthier is hit by Daniel D'Amato.
6:07 of 2nd period - Nic Petan is hit by Jamie Drysdale and loses puck.
6:16 of 2nd period - Wrist shot by Nic Petan.
6:16 of 2nd period - Stopped by Zach Fucale with a rebound.
6:18 of 2nd period - Wrist shot by Nic Petan.
6:18 of 2nd period - Goal by Nic Petan - Rocket : 2 - Penguins : 0.
6:19 of 2nd period - Pontus Holmberg wins face-off versus Mark Jankowski in neutral zone.
6:49 of 2nd period - Matthew Robertson is hit by Markus Niemelainen and loses puck.
6:56 of 2nd period - Wrist shot by Ben Tardif.
6:56 of 2nd period - Shot Hit the Post.
7:21 of 2nd period - Minor Penalty to Cameron Hughes for Slashing.
7:22 of 2nd period - Thomas Bordeleau wins face-off versus Mark Jankowski in Rocket zone.
7:38 of 2nd period - Slapshot by Valtteri Puustinen.
7:38 of 2nd period - Shot Blocked by Thomas Bordeleau.
9:08 of 2nd period - Icing by Markus Niemelainen.
9:09 of 2nd period - Ben Tardif wins face-off versus Thomas Bordeleau in Penguins zone.
9:21 of 2nd period - Penalty to Cameron Hughes is over, Cameron Hughes is back on ice.
9:35 of 2nd period - Off-side.
9:36 of 2nd period - Nolan Foote wins face-off versus Alex Swetlikoff in neutral zone.
9:39 of 2nd period - Snap shot by Nolan Foote.
9:39 of 2nd period - Stopped by Zach Fucale without a rebound.
9:40 of 2nd period - Alex Swetlikoff wins face-off versus Nolan Foote in Penguins zone.
9:40 of 2nd period - Alex Swetlikoff is hit by Cameron Hughes.
9:51 of 2nd period - Wrist shot by Nic Petan.
9:51 of 2nd period - Stopped by Zach Fucale without a rebound.
9:52 of 2nd period - Cameron Hughes wins face-off versus Scott Sabourin in Penguins zone.
10:01 of 2nd period - Slapshot by Jamie Drysdale.
10:01 of 2nd period - Shot Blocked by Kyle Capobianco.
10:03 of 2nd period - Snap shot by Valtteri Puustinen.
10:03 of 2nd period - Stopped by Justus Annunen with a rebound.
10:26 of 2nd period - Wrist shot by Cutter Gauthier.
10:26 of 2nd period - Shot Misses the Net.
10:28 of 2nd period - Snap shot by Cutter Gauthier.
10:28 of 2nd period - Shot Misses the Net.
10:30 of 2nd period - Slapshot by Kyle Capobianco.
10:30 of 2nd period - Stopped by Zach Fucale with a rebound.
10:42 of 2nd period - Scott Perunovich is hit by Markus Niemelainen and loses puck.
10:47 of 2nd period - Slapshot by Ben Berard.
10:47 of 2nd period - Shot Blocked by Cameron Hughes.
10:49 of 2nd period - Snap shot by Chad Nychuk.
10:49 of 2nd period - Shot Misses the Net.
10:51 of 2nd period - Slapshot by Chad Nychuk.
10:51 of 2nd period - Stopped by Justus Annunen without a rebound.
10:52 of 2nd period - Sheldon Rempal wins face-off versus Mark Jankowski in Rocket zone.
11:09 of 2nd period - Thomas Bordeleau is hit by Scott Sabourin and loses puck.
11:29 of 2nd period - Slapshot by Ben Tardif.
11:29 of 2nd period - Deflect By Bokondji Imama.
11:29 of 2nd period - Shot Misses the Net.
11:29 of 2nd period - Puck is out of play.
11:30 of 2nd period - Mark Jankowski wins face-off versus Cameron Hughes in Rocket zone.
12:11 of 2nd period - Off-side.
12:12 of 2nd period - Nolan Foote wins face-off versus Brendan Furry in neutral zone.
12:15 of 2nd period - Slapshot by Matthew Robertson.
12:15 of 2nd period - Shot Blocked by Jamie Drysdale.
12:17 of 2nd period - Snap shot by Nolan Foote.
12:17 of 2nd period - Stopped by Zach Fucale with a rebound.
12:19 of 2nd period - Wrist shot by Cameron Hughes.
12:19 of 2nd period - Shot Misses the Net.
12:21 of 2nd period - Slapshot by Matthew Robertson.
12:21 of 2nd period - Shot Blocked by Brendan Furry.
12:40 of 2nd period - Mark Jankowski is hit by Sheldon Rempal.
12:52 of 2nd period - Snap shot by Danny O'Regan.
12:52 of 2nd period - Deflect By Bokondji Imama.
12:52 of 2nd period - Shot Misses the Net.
12:52 of 2nd period - Puck is out of play.
12:53 of 2nd period - Danny O'Regan wins face-off versus Nic Petan in Rocket zone.
12:54 of 2nd period - Snap shot by Ben Tardif.
12:54 of 2nd period - Stopped by Justus Annunen with a rebound.
13:13 of 2nd period - Wrist shot by Ben Tardif.
13:13 of 2nd period - Shot Hit the Post.
13:15 of 2nd period - Slapshot by Markus Niemelainen.
13:15 of 2nd period - Deflect By Kyle Capobianco.
13:15 of 2nd period - Stopped by Justus Annunen with a rebound.
13:17 of 2nd period - Slapshot by Keaton Thompson.
13:17 of 2nd period - Shot Misses the Net.
13:57 of 2nd period - Snap shot by Bokondji Imama.
13:57 of 2nd period - Goal by Bokondji Imama - Rocket : 2 - Penguins : 1.
13:58 of 2nd period - Mark Jankowski wins face-off versus Cameron Hughes in neutral zone.
14:10 of 2nd period - Minor Penalty to Mark Jankowski for Elbowing.
14:11 of 2nd period - Cameron Hughes wins face-off versus Brendan Furry in Penguins zone.
14:18 of 2nd period - Wrist shot by Cameron Hughes.
14:18 of 2nd period - Stopped by Zach Fucale without a rebound.
14:19 of 2nd period - Cameron Hughes wins face-off versus Brendan Furry in Penguins zone.
14:42 of 2nd period - Snap shot by Kyle Capobianco.
14:42 of 2nd period - Stopped by Zach Fucale with a rebound.
14:44 of 2nd period - Slapshot by Cameron Hughes.
14:44 of 2nd period - Goal by Cameron Hughes - Rocket : 3 - Penguins : 1.
14:45 of 2nd period - Cameron Hughes wins face-off versus Valtteri Puustinen in neutral zone.
15:03 of 2nd period - Icing by Jakub Zboril.
15:04 of 2nd period - Mark Jankowski wins face-off versus Nolan Foote in Penguins zone.
15:53 of 2nd period - Slapshot by Kyle Capobianco.
15:53 of 2nd period - Deflect By Cutter Gauthier.
15:53 of 2nd period - Stopped by Zach Fucale with a rebound.
16:28 of 2nd period - Icing by Nic Petan.
16:29 of 2nd period - Andrew Ladd wins face-off versus Chase Wheatcroft in Rocket zone.
16:36 of 2nd period - Snap shot by Ben Berard.
16:36 of 2nd period - Stopped by Justus Annunen with a rebound.
16:54 of 2nd period - Wrist shot by Anthony Romano.
16:54 of 2nd period - Stopped by Justus Annunen with a rebound.
17:24 of 2nd period - Wrist shot by Nic Petan.
17:24 of 2nd period - Shot Misses the Net.
17:29 of 2nd period - Off-side.
17:30 of 2nd period - Cameron Hughes wins face-off versus Brendan Furry in neutral zone.
17:55 of 2nd period - Ben Berard is hit by Thomas Bordeleau and loses puck.
18:20 of 2nd period - Slapshot by Jakub Zboril.
18:20 of 2nd period - Shot Blocked by Pontus Holmberg.
18:22 of 2nd period - Slapshot by Keaton Thompson.
18:22 of 2nd period - Shot Misses the Net.
18:24 of 2nd period - Wrist shot by Valtteri Puustinen.
18:24 of 2nd period - Stopped by Justus Annunen without a rebound.
18:25 of 2nd period - Mark Jankowski wins face-off versus Sheldon Rempal in Rocket zone.
18:36 of 2nd period - Slapshot by Valtteri Puustinen.
18:36 of 2nd period - Shot Misses the Net.
18:50 of 2nd period - Keaton Thompson is hit by Nic Petan.
Goals for this period are 2 for Rocket vs 1 for Penguins.
Shots for this period are 12 for Rocket vs 13 for Penguins.

3rd period


0:01 of 3rd period - Mark Jankowski wins face-off versus Cameron Hughes in neutral zone.
0:18 of 3rd period - Icing by Cameron Hughes.
0:19 of 3rd period - Danny O'Regan wins face-off versus Cameron Hughes in Rocket zone.
0:32 of 3rd period - Wrist shot by Danny O'Regan.
0:32 of 3rd period - Stopped by Justus Annunen with a rebound.
1:10 of 3rd period - Slapshot by Anthony Romano.
1:10 of 3rd period - Stopped by Justus Annunen without a rebound.
1:11 of 3rd period - Mark Jankowski wins face-off versus Andrew Ladd in Rocket zone.
3:30 of 3rd period - Snap shot by Philip Kemp.
3:30 of 3rd period - Stopped by Justus Annunen with a rebound.
4:13 of 3rd period - Kyle Capobianco is hit by Ben Tardif and loses puck.
4:28 of 3rd period - Kyle Capobianco is hit by Jakub Zboril and loses puck.
6:03 of 3rd period - Thomas Bordeleau is hit by Brendan Furry.
6:09 of 3rd period - Icing by Kyle Capobianco.
6:10 of 3rd period - Mark Jankowski wins face-off versus Sean Malone in Rocket zone.
6:37 of 3rd period - Snap shot by Sean Malone.
6:37 of 3rd period - Deflect By Mark Jankowski.
6:37 of 3rd period - Shot Misses the Net.
6:37 of 3rd period - Puck is out of play.
6:38 of 3rd period - Andrew Ladd wins face-off versus Danny O'Regan in Penguins zone.
6:41 of 3rd period - Wrist shot by Cutter Gauthier.
6:41 of 3rd period - Shot Misses the Net.
6:43 of 3rd period - Snap shot by Kyle Capobianco.
6:43 of 3rd period - Shot Misses the Net.
6:51 of 3rd period - Snap shot by Cutter Gauthier.
6:51 of 3rd period - Stopped by Zach Fucale with a rebound.
6:53 of 3rd period - Snap shot by Andrew Ladd.
6:53 of 3rd period - Shot Misses the Net.
8:03 of 3rd period - Daniel D'Amato is hit by Matthew Robertson and loses puck.
8:14 of 3rd period - Snap shot by Markus Niemelainen.
8:14 of 3rd period - Stopped by Justus Annunen without a rebound.
8:15 of 3rd period - Cameron Hughes wins face-off versus Danny O'Regan in Rocket zone.
8:43 of 3rd period - Jakub Zboril is hit by Thomas Bordeleau and loses puck.
8:58 of 3rd period - Snap shot by Brendan Furry.
8:58 of 3rd period - Shot Blocked by Cutter Gauthier.
9:00 of 3rd period - Wrist shot by Chase Wheatcroft.
9:00 of 3rd period - Shot Blocked by Scott Perunovich.
9:50 of 3rd period - Snap shot by Mark Jankowski.
9:50 of 3rd period - Stopped by Justus Annunen without a rebound.
9:51 of 3rd period - Mark Jankowski wins face-off versus Andrew Ladd in Rocket zone.
10:31 of 3rd period - Bokondji Imama is hit by Kyle Capobianco and loses puck.
10:52 of 3rd period - Snap shot by Brendan Furry.
10:52 of 3rd period - Stopped by Justus Annunen with a rebound.
11:34 of 3rd period - Wrist shot by Cutter Gauthier.
11:34 of 3rd period - Shot Blocked by Chad Nychuk.
11:46 of 3rd period - Icing by Pontus Holmberg.
11:47 of 3rd period - Danny O'Regan wins face-off versus Pontus Holmberg in Rocket zone.
11:54 of 3rd period - Snap shot by Danny O'Regan.
11:54 of 3rd period - Deflect By Ben Tardif.
11:54 of 3rd period - Shot Misses the Net.
11:54 of 3rd period - Puck is out of play.
11:55 of 3rd period - Mark Jankowski wins face-off versus Nolan Foote in Rocket zone.
12:04 of 3rd period - Snap shot by Cameron Hughes.
12:04 of 3rd period - Shot Blocked by Philip Kemp.
12:06 of 3rd period - Slapshot by Scott Perunovich.
12:06 of 3rd period - Deflect By Markus Niemelainen.
12:06 of 3rd period - Stopped by Zach Fucale with a rebound.
12:23 of 3rd period - Wrist shot by Danny O'Regan.
12:23 of 3rd period - Shot Blocked by Scott Perunovich.
12:25 of 3rd period - Snap shot by Markus Niemelainen.
12:25 of 3rd period - Shot Blocked by Matthew Robertson.
12:27 of 3rd period - Backhand shot by Ben Tardif.
12:27 of 3rd period - Shot Blocked by Pontus Holmberg.
12:29 of 3rd period - Wrist shot by Markus Niemelainen.
12:29 of 3rd period - Stopped by Justus Annunen with a rebound.
12:45 of 3rd period - Wrist shot by Ben Berard.
12:45 of 3rd period - Stopped by Justus Annunen with a rebound.
12:55 of 3rd period - Brendan Furry is hit by Scott Perunovich and loses puck.
13:06 of 3rd period - Wrist shot by Cameron Hughes.
13:06 of 3rd period - Shot Misses the Net.
13:08 of 3rd period - Slapshot by Kyle Capobianco.
13:08 of 3rd period - Deflect By Cameron Hughes.
13:08 of 3rd period - Shot Blocked by Chase Wheatcroft.
13:08 of 3rd period - Puck is out of play.
13:09 of 3rd period - Mark Jankowski wins face-off versus Nolan Foote in Penguins zone.
13:24 of 3rd period - Wrist shot by Valtteri Puustinen.
13:24 of 3rd period - Stopped by Justus Annunen with a rebound.
13:44 of 3rd period - Snap shot by Thomas Bordeleau.
13:44 of 3rd period - Shot Blocked by Chad Nychuk.
13:46 of 3rd period - Snap shot by Kyle Capobianco.
13:46 of 3rd period - Stopped by Zach Fucale without a rebound.
13:47 of 3rd period - Cameron Hughes wins face-off versus Mark Jankowski in Penguins zone.
13:56 of 3rd period - Jakub Zboril is hit by Thomas Bordeleau and loses puck.
14:16 of 3rd period - Slapshot by Cutter Gauthier.
14:16 of 3rd period - Shot Misses the Net.
14:18 of 3rd period - Wrist shot by Cutter Gauthier.
14:18 of 3rd period - Stopped by Zach Fucale with a rebound.
14:20 of 3rd period - Slapshot by Nic Petan.
14:20 of 3rd period - Stopped by Zach Fucale with a rebound.
14:36 of 3rd period - Wrist shot by Danny O'Regan.
14:36 of 3rd period - Goal by Danny O'Regan - Rocket : 3 - Penguins : 2.
14:37 of 3rd period - Danny O'Regan wins face-off versus Cameron Hughes in neutral zone.
14:42 of 3rd period - Slapshot by Jamie Drysdale.
14:42 of 3rd period - Shot Blocked by Kyle Capobianco.
15:23 of 3rd period - Snap shot by Nic Petan.
15:23 of 3rd period - Stopped by Zach Fucale with a rebound.
17:19 of 3rd period - Nic Petan is hit by Brendan Furry and loses puck.
19:00 of 3rd period - Penguins, Zach Fucale is pulled from the net.
19:02 of 3rd period - Slapshot by Valtteri Puustinen.
19:02 of 3rd period - Shot Misses the Net.
19:04 of 3rd period - Snap shot by Jamie Drysdale.
19:04 of 3rd period - Shot Blocked by Pontus Holmberg.
19:17 of 3rd period - Off-side.
19:18 of 3rd period - Marco Sturm call a timeout for Penguins.
19:18 of 3rd period - Mark Jankowski wins face-off versus Pontus Holmberg in neutral zone.
19:24 of 3rd period - Wrist shot by Jamie Drysdale.
19:24 of 3rd period - Deflect By Valtteri Puustinen.
19:24 of 3rd period - Stopped by Justus Annunen with a rebound.
19:28 of 3rd period - Snap shot by Mark Jankowski.
19:28 of 3rd period - Shot Blocked by Kyle Capobianco.
19:30 of 3rd period - Slapshot by Jamie Drysdale.
19:30 of 3rd period - Stopped by Justus Annunen with a rebound.
19:44 of 3rd period - Snap shot by Valtteri Puustinen.
19:44 of 3rd period - Shot Blocked by Cutter Gauthier.
19:46 of 3rd period - Wrist shot by Scott Sabourin.
19:46 of 3rd period - Shot Blocked by Kyle Capobianco.
19:48 of 3rd period - Snap shot by Jakub Zboril.
19:48 of 3rd period - Shot Blocked by Thomas Bordeleau.
19:50 of 3rd period - Slapshot by Mark Jankowski.
19:50 of 3rd period - Goal by Mark Jankowski - Rocket : 3 - Penguins : 3.
19:50 of 3rd period - Zach Fucale from Penguins was sent back in the game.
19:51 of 3rd period - Cameron Hughes wins face-off versus Brendan Furry in neutral zone.
Goals for this period are 0 for Rocket vs 2 for Penguins.
Shots for this period are 6 for Rocket vs 13 for Penguins.

Overtime #1


0:01 of 1st overtime period - Alex Swetlikoff wins face-off versus Cameron Hughes in neutral zone.
0:06 of 1st overtime period - Slapshot by Alex Swetlikoff.
0:06 of 1st overtime period - Stopped by Justus Annunen with a rebound.
0:56 of 1st overtime period - Christian Kyrou is hit by Brendan Furry and loses puck.
1:50 of 1st overtime period - Icing by Cutter Gauthier.
1:51 of 1st overtime period - Nic Petan wins face-off versus Alex Swetlikoff in Rocket zone.
3:22 of 1st overtime period - Jakub Zboril is hit by Nic Petan and loses puck.
3:42 of 1st overtime period - Off-side.
3:43 of 1st overtime period - Nic Petan wins face-off versus Chase Wheatcroft in neutral zone.
3:48 of 1st overtime period - Snap shot by Sheldon Rempal.
3:48 of 1st overtime period - Shot Misses the Net.
3:50 of 1st overtime period - Slapshot by Victor Soderstrom.
3:50 of 1st overtime period - Stopped by Zach Fucale with a rebound.
3:52 of 1st overtime period - Slapshot by Victor Soderstrom.
3:52 of 1st overtime period - Stopped by Zach Fucale with a rebound.
3:56 of 1st overtime period - Snap shot by Sheldon Rempal.
3:56 of 1st overtime period - Shot Blocked by Chase Wheatcroft.
3:58 of 1st overtime period - Backhand shot by Victor Soderstrom.
3:58 of 1st overtime period - Stopped by Zach Fucale with a rebound.
4:28 of 1st overtime period - Anthony Romano is hit by Andrew Ladd and loses puck.
Goals for this period are 0 for Rocket vs 0 for Penguins.
Shots for this period are 3 for Rocket vs 1 for Penguins.

ShootOut


5:00 of 1st overtime period - Round #1.
5:00 of 1st overtime period - Rocket, Nolan Foote.
5:00 of 1st overtime period - Snap shot by Nolan Foote.
5:00 of 1st overtime period - Goal by Nolan Foote.
5:00 of 1st overtime period - Penguins, Mark Jankowski.
5:00 of 1st overtime period - Backhand shot by Mark Jankowski.
5:00 of 1st overtime period - Stopped by Justus Annunen.
5:00 of 1st overtime period - Round #2.
5:00 of 1st overtime period - Rocket, Nic Petan.
5:00 of 1st overtime period - Backhand shot by Nic Petan.
5:00 of 1st overtime period - Shot Misses the Net.
5:00 of 1st overtime period - Penguins, Valtteri Puustinen.
5:00 of 1st overtime period - Backhand shot by Valtteri Puustinen.
5:00 of 1st overtime period - Stopped by Justus Annunen.
5:00 of 1st overtime period - Round #3.
5:00 of 1st overtime period - Rocket, Pontus Holmberg.
5:00 of 1st overtime period - Snap shot by Pontus Holmberg.
5:00 of 1st overtime period - Shot Misses the Net.
5:00 of 1st overtime period - Penguins, Scott Sabourin.
5:00 of 1st overtime period - Wrist shot by Scott Sabourin.
5:00 of 1st overtime period - Stopped by Justus Annunen.